[Event "8th Llucmajor Open 2019"]
[Site "S'Arenal de Llucmajor"]
[Date "2019.05.22"]
[Round "5.4"]
[White "Movsziszian, Karen"]
[Black "Fier, Alexandr"]
[Result "1/2-1/2"]
[ECO "A00"]
[WhiteElo "2486"]
[BlackElo "2555"]
[Annotator "RC"]
[PlyCount "89"]
[EventDate "2019.05.19"]
[EventType "swiss"]
[EventCountry "ESP"]
[SourceTitle "playchess.com"]
[Source "ChessBase"]
[SourceQuality "1"]
[TimeControl "5400+30"]

1. g3 e5 2. d3 g6 3. c4 c5 4. Nc3 Nc6 5. Bg2 Bg7 6. a3 d6 7. Rb1 a5 8. e3 Nge7 9. Nge2 O-O 10. O-O Rb8 11. Bd2 Bf5 12. e4 Be6 13. Qa4 f5 14. Nd5 fxe4 15. dxe4 Bg4 16. f3 Bd7 17. Bg5 b6 18. Nec3 h6 19. Bxe7 Nxe7 20. Nxe7+ Qxe7 21. Qc2 Qf7 22. b3 Be6 23. Rfd1 Rfd8 24. Nb5 Bf8 25. a4 Rd7 26. Rd3 Rbd8 27. Rbd1 Be7 28. h4 g5 29. hxg5 hxg5 30. Nc3 Rb8 31. Rf1 Qg7 32. Nd5 Bf8 33. Qd1 Rf7 34. Ne3 Rd8 35. Rf2 Qh6 36. Bf1 Rh7 37. Rg2 Be7 38. Kf2 Rf8 39. g4 Rf4 40. Ke1 Qh3 41. Be2 Qh1+ 42. Kd2 Rf6 43. Kc2 Qxd1+ 44. Rxd1 Rfh6 45. Rdg1 1/2-1/2

[Event "8th Llucmajor Open 2019"]
[Site "S'Arenal de Llucmajor"]
[Date "2019.05.23"]
[Round "6.3"]
[White "Zubov, Alexander"]
[Black "Gritask, Orest"]
[Result "1/2-1/2"]
[ECO "D80"]
[WhiteElo "2597"]
[BlackElo "2468"]
[Annotator "ChessBase"]
[PlyCount "21"]
[EventDate "2019.05.19"]
[EventType "swiss"]
[EventCountry "ESP"]
[SourceTitle "playchess.com"]
[Source "ChessBase"]
[SourceQuality "1"]
[TimeControl "5400+30"]

1. d4 Nf6 2. c4 g6 3. Nc3 d5 4. Qa4+ Bd7 5. Qb3 Nc6 6. cxd5 Nxd4 7. Qd1 Nb5 8. Bd2 Nxc3 9. Bxc3 c6 10. dxc6 Bxc6 11. Nf3 1/2-1/2

[Event "8th Llucmajor Open 2019"]
[Site "S'Arenal de Llucmajor"]
[Date "2019.05.23"]
[Round "6.6"]
[White "Storey, Charles H"]
[Black "Nasuta, Grzegorz"]
[Result "0-1"]
[ECO "D02"]
[WhiteElo "2228"]
[BlackElo "2518"]
[Annotator "ChessBase"]
[PlyCount "58"]
[EventDate "2019.05.19"]
[EventType "swiss"]
[EventCountry "ESP"]
[SourceTitle "playchess.com"]
[Source "ChessBase"]
[SourceQuality "1"]
[TimeControl "5400+30"]

1. Nf3 Nf6 2. d4 d5 3. Bf4 g6 4. Nc3 Bg7 5. Qd2 c5 6. e3 O-O 7. h3 Bf5 8. Ne5 Nc6 9. g4 Ne4 10. Nxc6 bxc6 11. Qd1 cxd4 12. exd4 Nxc3 13. bxc3 Bc8 14. Bd3 c5 15. Be3 Qa5 16. Qd2 Rb8 17. f4 Rb2 18. a3 Bd7 19. Be2 Rc8 20. Bd1 Ba4 21. Rh2 cxd4 22. cxd4 Qb6 23. h4 Rcxc2 24. Bxc2 Rxc2 25. Rc1 Rxd2 26. Rxd2 Qe6 27. Re2 Qxg4 28. Rc7 Bf6 29. f5 Qg3+ 0-1

[Event "8th Llucmajor Open 2019"]
[Site "S'Arenal de Llucmajor"]
[Date "2019.05.25"]
[Round "8.2"]
[White "Souleidis, Georgios"]
[Black "Rasmussen, Allan Stig"]
[Result "0-1"]
[ECO "B12"]
[WhiteElo "2417"]
[BlackElo "2552"]
[Annotator "ChessBase"]
[PlyCount "58"]
[EventDate "2019.05.19"]
[EventType "swiss"]
[EventCountry "ESP"]
[SourceTitle "playchess.com"]
[Source "ChessBase"]
[SourceQuality "1"]
[TimeControl "5400+30"]

1. e4 c6 2. d4 d5 3. f3 e6 4. Nc3 Bb4 5. Bf4 Nf6 6. Qd3 O-O 7. Nge2 b5 8. O-O-O Be7 9. Kb1 b4 10. Na4 Ba6 11. Qe3 dxe4 12. fxe4 Bb5 13. b3 Bxa4 14. bxa4 Nbd7 15. g4 Nb6 16. h4 Nxg4 17. Qf3 f5 18. Ng3 Nf6 19. exf5 Nfd5 20. Bd2 Kh8 21. Qg4 Nf6 22. Qf3 Nxa4 23. Be1 Nd5 24. Ka1 Nac3 25. Rd2 Qa5 26. Bc4 Nxa2 27. c3 Naxc3+ 28. Kb2 b3 29. Bxb3 Rab8 0-1

[Event "8th Llucmajor Open 2019"]
[Site "S'Arenal de Llucmajor"]
[Date "2019.05.25"]
[Round "8.3"]
[White "Santos Latasa, Jaime"]
[Black "Arizmendi Martinez, Julen Luis"]
[Result "1-0"]
[ECO "B12"]
[WhiteElo "2587"]
[BlackElo "2511"]
[Annotator "ChessBase"]
[PlyCount "87"]
[EventDate "2019.05.19"]
[EventType "swiss"]
[EventCountry "ESP"]
[SourceTitle "playchess.com"]
[Source "ChessBase"]
[SourceQuality "1"]
[TimeControl "5400+30"]

1. e4 c6 2. d4 d5 3. e5 c5 4. dxc5 e6 5. Nf3 Bxc5 6. Bd3 Ne7 7. O-O Ng6 8. Nbd2 Nd7 9. Nb3 Be7 10. Re1 O-O 11. c3 Nc5 12. Nxc5 Bxc5 13. Be3 b6 14. Qa4 Bd7 15. Qg4 f5 16. exf6 Qxf6 17. Qh5 Be8 18. Bxc5 bxc5 19. Rxe6 Qf4 20. Rf1 Rd8 21. Ng5 h6 22. Rxe8 Rdxe8 23. Nh3 Qf6 24. Bxg6 Re5 25. Qg4 Qe6 26. Qxe6+ Rxe6 27. Bh5 Rb6 28. b3 Ra6 29. Bf3 Rf5 30. Ra1 c4 31. Bd1 Ra3 32. g3 Rf6 33. Nf4 Rfa6 34. bxc4 dxc4 35. Be2 R6a4 36. Rd1 Rxc3 37. Bh5 g5 38. Rd8+ Kg7 39. Rd7+ Kg8 40. Ne6 Rd3 41. Re7 Rb4 42. Bf7+ Kh8 43. Re8+ Kh7 44. Rg8 1-0

[Event "8th Llucmajor Open 2019"]
[Site "S'Arenal de Llucmajor"]
[Date "2019.05.25"]
[Round "8.6"]
[White "Fier, Alexandr"]
[Black "Gritask, Orest"]
[Result "1-0"]
[ECO "A30"]
[WhiteElo "2555"]
[BlackElo "2468"]
[Annotator "ChessBase"]
[PlyCount "89"]
[EventDate "2019.05.19"]
[EventType "swiss"]
[EventCountry "ESP"]
[SourceTitle "playchess.com"]
[Source "ChessBase"]
[SourceQuality "1"]
[TimeControl "5400+30"]

1. c4 c5 2. Nf3 Nf6 3. Nc3 e6 4. e3 a6 5. d4 d5 6. cxd5 exd5 7. g3 Bg4 8. Bg2 cxd4 9. exd4 Be7 10. O-O O-O 11. h3 Bf5 12. Ne5 Nc6 13. g4 Be6 14. f4 Qb6 15. Kh1 Rad8 16. Nxc6 Qxc6 17. f5 Bc8 18. Bf4 Bb4 19. Rc1 Bxc3 20. Rxc3 Qb5 21. Be5 Ne4 22. Bxe4 dxe4 23. f6 Qxb2 24. Rc2 Qa3 25. Qe1 Rfe8 26. Rc3 Qa5 27. Qc1 e3 28. Qxe3 Qd5+ 29. Kg1 gxf6 30. Rxf6 Rxe5 31. dxe5 Be6 32. Rf2 Qd1+ 33. Kh2 Qd4 34. Qg5+ Kf8 35. Rcf3 Rd5 36. Re3 b5 37. Kg3 b4 38. Kh4 Rc5 39. Rf4 Qd2 40. Ree4 Rd5 41. Kh5 a5 42. Kh6 Rd3 43. h4 Bxa2 44. e6 Bxe6 45. Rxe6 1-0

[Event "8th Llucmajor Open 2019"]
[Site "S'Arenal de Llucmajor"]
[Date "2019.05.25"]
[Round "8.7"]
[White "Alvarado Diaz, Alejandro"]
[Black "Nasuta, Grzegorz"]
[Result "1/2-1/2"]
[ECO "A28"]
[WhiteElo "2380"]
[BlackElo "2518"]
[Annotator "ChessBase"]
[PlyCount "82"]
[EventDate "2019.05.19"]
[EventType "swiss"]
[EventCountry "ESP"]
[SourceTitle "playchess.com"]
[Source "ChessBase"]
[SourceQuality "1"]
[TimeControl "5400+30"]

1. c4 e5 2. Nc3 Nf6 3. Nf3 Nc6 4. e4 Bc5 5. Nxe5 Nxe5 6. d4 Bxd4 7. Qxd4 d6 8. Be2 O-O 9. Bg5 h6 10. Bh4 Nc6 11. Qd1 Re8 12. f3 Ne5 13. Nd5 g5 14. Bf2 Be6 15. O-O Ng6 16. Qd2 c6 17. Nc3 Qe7 18. Rfe1 Nd7 19. b3 Nde5 20. Kh1 Red8 21. Bf1 Qf6 22. Ne2 b5 23. Nd4 bxc4 24. Nxe6 Qxe6 25. bxc4 c5 26. Qc3 Rdb8 27. Rab1 Rb6 28. Rb3 Rab8 29. Reb1 Qd7 30. Rxb6 Rxb6 31. Rxb6 axb6 32. Qb3 Qa7 33. a4 Qa5 34. h4 Qd2 35. Kg1 Nxh4 36. Qxb6 Nexf3+ 37. gxf3 Nxf3+ 38. Kg2 Ne1+ 39. Kg1 Nf3+ 40. Kg2 Ne1+ 41. Kg1 Nf3+ 1/2-1/2

[Event "8th Llucmajor Open 2019"]
[Site "S'Arenal de Llucmajor"]
[Date "2019.05.26"]
[Round "9.6"]
[White "Nasuta, Grzegorz"]
[Black "Hyndiuk, Aleksander"]
[Result "1/2-1/2"]
[ECO "B18"]
[WhiteElo "2518"]
[BlackElo "2411"]
[Annotator "RC"]
[PlyCount "76"]
[EventDate "2019.05.19"]
[EventType "swiss"]
[EventCountry "ESP"]
[SourceTitle "playchess.com"]
[Source "ChessBase"]
[SourceQuality "1"]
[TimeControl "5400+30"]

1. e4 c6 2. d4 d5 3. Nc3 dxe4 4. Nxe4 Bf5 5. Ng3 Bg6 6. h4 h6 7. Nf3 e6 8. Ne5 Bh7 9. Bd3 Bxd3 10. Qxd3 Nd7 11. Qe2 Ngf6 12. Bd2 Be7 13. O-O-O O-O 14. f4 c5 15. f5 cxd4 16. fxe6 Nxe5 17. Qxe5 Qd5 18. Qxd5 Nxd5 19. Nf5 Bc5 20. Be1 fxe6 21. Nxd4 Ne3 22. Rd3 Bxd4 23. Rxd4 Nxg2 24. Bd2 e5 25. Re4 Rae8 26. Bxh6 gxh6 27. Rg1 Rf4 28. Rxg2+ Kf7 29. Rge2 Rxe4 30. Rxe4 Kf6 31. Rg4 Re7 32. Kd2 Kf5 33. Rg8 Rd7+ 34. Ke3 Rd4 35. Rg7 b5 36. Rf7+ Ke6 37. Rxa7 Rxh4 38. a3 e4 {Kxe4 Ke5+} 1/2-1/2